 Dungeon Crawl Stone Soup version 0.25-a0-265-g7af84ae0ac (webtiles) character file.

Game seed: 13241423532288706491, levelgen mode: deterministic

449 night the Firebug (level 6, 0/91 HPs)
             Began as a Demonspawn Fire Elementalist on Dec 8, 2019.
             Succumbed to a crimson imp's poison
             ... on level 4 of the Dungeon.
             The game lasted 00:10:38 (3751 turns).

night the Firebug (Demonspawn Fire Elementalist)    Turns: 3751, Time: 00:10:39

Health: 0/91       AC: 23    Str: 13    XL:     6   Next: 74%
Magic:  11/12      EV:  2    Int: 18    God:
Gold:   212        SH:  0    Dex: 14    Spells: 3/13 levels left

rFire    . . .     SeeInvis .   j - +0 short sword
rCold    . . .     Gourm    .   (no shield)
rNeg     + + +     Faith    .   (armour currently unavailable)
rPois    +         Spirit   .   (helmet currently unavailable)
rElec    .         Reflect  .   (cloak currently unavailable)
rCorr    +         Harm     .   (gloves currently unavailable)
MR       .....     NoTele   +   (boots currently unavailable)
Stlth    ..........             (no amulet)
HPRegen  0.25/turn              n - ring of resist corrosion
MPRegen  0.13/turn              (no ring)

@: berserking, lethally poisoned (0 -> -1), tree-form, slowed
A: demonic guardian 1, powered by pain 1
a: no special abilities


You were on level 4 of the Dungeon.
You were hungry.
You were a tree.
You visited 1 branch of the dungeon, and saw 4 of its levels.

You collected 212 gold pieces.

Inventory:

Hand Weapons
 h - a +0 mace
 j - a +0 short sword (weapon)
Missiles
 g - 4 curare-tipped darts (quivered)
 k - 89 stones
 u - 38 sling bullets
Armour
 a - a +0 robe (melded)
 f - a scarf of resistance (melded)
 p - a +0 pair of gloves (melded)
Jewellery
 n - a ring of resist corrosion (left branch)
 t - a +5 ring of intelligence {unknown}
Wands
 y - a wand of disintegration (21)
Scrolls
 d - a scroll of immolation {unknown}
 e - 4 scrolls of random uselessness {unknown}
 i - a scroll of magic mapping {unknown}
 o - 5 scrolls of identify {unknown}
 r - 3 scrolls of enchant armour {unknown}
 s - 4 scrolls of teleportation {unknown}
 v - a scroll of remove curse {unknown}
 z - a scroll of enchant weapon {unknown}
Potions
 b - a potion of berserk rage
 l - 2 potions of lignification
 m - a potion of ambrosia {unknown}
 q - a potion of might {unknown}
 w - a potion of agility {unknown}
 x - a potion of heal wounds {unknown}
Comestibles
 c - 4 rations
 A - 2 chunks of flesh


   Skills:
 - Level 1.7 Dodging
 - Level 1.7 Stealth
 + Level 4.1 Spellcasting
 + Level 4.0 Conjurations
 + Level 4.5 Fire Magic


You had 3 spell levels left.
You knew the following spells:

 Your Spells              Type           Power        Failure   Level  Hunger
a - Foxfire               Conj/Fire      ###.         2%          1    None
b - Sticky Flame          Conj/Fire      ###.....     24%         4    ####...
c - Fireball              Conj/Fire      ###.......   56%         5    ######.

Your spell library contained the following spells:

 Spells                   Type           Power        Failure   Level  Hunger
 Conjure Flame            Conj/Fire      ###.....     8%          3    ###....
 Inner Flame              Hex/Fire       ##......     17%         3    ###....


Dungeon Overview and Level Annotations

Branches:
Dungeon (4/15)
 Temple: D:4-7

Altars:
Dithmenos
Xom
Yredelemnul

Shops:
D:4 }[*


Innate Abilities, Weirdness & Mutations

((You are partially covered in icy blue scales. (AC +2)))
A weak demonic guardian rushes to your aid.
You sometimes gain a little power by taking damage.


Message History

* * * LOW HITPOINT WARNING * * *
You feel your power leaking away.
Your iron imp hits the crimson imp!
* * * LOW HITPOINT WARNING * * *
You feel sick.
The crimson imp barely misses your iron imp.
Your iron imp hits the crimson imp!
The crimson imp dies!
There is a lethal amount of poison in your body!
It was a potion of lignification.
You turn into a tree.
Your scarf of resistance melds into your body.
Your +0 pair of gloves melds into your body.
Your +0 robe melds into your body.
You feel hot and cold all over.
Your roots penetrate the ground.
* * * LOW HITPOINT WARNING * * *
You feel sick.
It was a potion of berserk rage.
A red film seems to cover your vision as you go berserk!
You feel yourself moving faster!
You feel mighty!
You die...

#...................## ##<.
###..................##
###...
#...................###.<...
##...........................
#....##......................
#....######'####.....#.......
#....# #.^.).^.#...###.....#.
#...## ###._5###..## ##....#.
#...# #....♣^.##.# #....##
#...# ####'#####.## #.....#
#...# #........#..# ##....#
#.... #.........# #....#
#...÷.....# #.....
##......####. #..... #.....##
#.# #.>... #...### ###..
#..... ##### ##....###.....


You could see a friendly iron imp.

Vanquished Creatures
  Sigmund (D:3)
  A hound (D:4)
  3 worker ants (D:4)
  3 adders
  4 worms
  11 orcs
  5 giant cockroaches
  7 goblins
  A hobgoblin (D:2)
  3 jackals (D:3)
  3 quokkas (D:3)
  2 ball pythons
  5 bats
  3 frilled lizards
  A jackal skeleton (D:4)
  5 kobolds
  9 rats
67 creatures vanquished.

Vanquished Creatures (collateral kills)
  A bullfrog (D:4)
  3 crimson imps (D:4)
  An orc wizard (D:4)
5 creatures vanquished.

Vanquished Creatures (others)
  199 foxfires
199 creatures vanquished.

Grand Total: 271 creatures vanquished

Notes
Turn   | Place    | Note
-------+----------+-------------------------------------------
     0 | D:1      | night the Demonspawn Fire Elementalist began the quest for
                  | the Orb.
     0 | D:1      | Reached XP level 1. HP: 13/13 MP: 3/3
   241 | D:1      | Gained mutation: A weak demonic guardian rushes to your
                  | aid. [demonic ancestry]
   241 | D:1      | Reached XP level 2. HP: 19/19 MP: 3/5
   922 | D:2      | Found a shadowy altar of Dithmenos.
  1091 | D:2      | Found a basalt altar of Yredelemnul.
  1233 | D:2      | Reached XP level 3. HP: 24/24 MP: 0/6
  1935 | D:3      | Noticed Sigmund
  1947 | D:3      | Killed Sigmund
  1947 | D:3      | Gained mutation: You sometimes gain a little power by
                  | taking damage. [demonic ancestry]
  1947 | D:3      | Reached XP level 4. HP: 26/30 MP: 1/8
  1947 | D:3      | Gained mutation: You are partially covered in icy blue
                  | scales. (AC +2) [demonic ancestry]
  1947 | D:3      | Reached XP level 5. HP: 30/35 MP: 1/9
  2020 | D:3      | Learned a level 4 spell: Sticky Flame
  2026 | D:3      | Learned a level 5 spell: Fireball
  2892 | D:4      | Reached XP level 6. HP: 10/41 MP: 6/11
  3305 | D:4      | Found Moelocam's General Store.
  3474 | D:4      | Found Qiycyss's Antique Armour Boutique.
  3646 | D:4      | Found Uwuwn's Gadget Shoppe.
  3681 | D:4      | Found a shimmering altar of Xom.
  3748 | D:4      | HP: 1/41 [crimson imp/+2 dagger of chaos (5)]
  3751 | D:4      | Succumbed to a crimson imp's poison

Levels and vault maps discovered:
D:1:      elethiomel_arrival_shortcut, layout_loops_ring,
          minmay_misc_feat_diagonals, minmay_pentomino_z2
D:2:      layout_basic, grunt_dithmenos_smoke, yredelemnul_altar_generic
D:3:      layout_basic, nrook_mini_vaults, kennysheep_generic_room_4,
          uniq_sigmund
D:4:      layout_cave_pods, led_xom_imps, serial_shops,
          nicolae_shop_behind_doors, nicolae_shop_behind_doors,
          nicolae_shop_behind_doors, lightli_minifort

Skill      XL: |  1  2  3  4  5  6 |
---------------+-------------------+-----
Fire Magic     | 3 4 |  4.5
Conjurations   | 2 3 4 |  4.0
Spellcasting   | 3 4 |  4.1
Dodging        | |  1.7
Stealth        | |  1.7

Action                   |  1- 3 |  4- 6 || total
-------------------------+-------+-------++-------
Melee: Short sword       |    14 |    40 ||    54
 Cast: Foxfire           |    52 |    63 ||   115
  Use: Potion            |       |     2 ||     2
 Stab: Sleeping          |     1 |     3 ||     4
  Eat: Chunk             |     3 |     6 ||     9
Armor: Robe              |    10 |    22 ||    32
Dodge: Dodged            |    19 |    36 ||    55

Table legend:
 A = Non-vault XP
 B = Vault XP
 C = Vault XP percentage of total XP
 D = Non-vault monster count
 E = Vault monster count
 F = Vault count percentage of total count
                 A         B        C        D         E       F
            +---------+---------+-------+---------+---------+-------
      Total |     405 |     237 |  36.9 |      65 |       7 |   9.7
            +---------+---------+-------+---------+---------+-------
        D:1 |      20 |       3 |  13.0 |      15 |       2 |  11.8
        D:2 |      37 |       0 |   0.0 |      13 |       0 |   0.0
        D:3 |      40 |     159 |  79.9 |      19 |       2 |   9.5
        D:4 |     308 |      75 |  19.6 |      18 |       3 |  14.3
            +---------+---------+-------+---------+---------+-------
